 Dungeon Crawl Stone Soup version 0.22-a0-40-g3d2f077 (webtiles) character file.

56420 Gorglomux the Severer (level 14, -8/129 HPs)
             Began as a Deep Dwarf Fighter on Jan 4, 2018.
             Was the Champion of Makhleb.
             Mangled by a very large slime creature (51 damage)
             ... on level 13 of the Dungeon.
             The game lasted 00:17:55 (15212 turns).

Gorglomux the Severer (Deep Dwarf Fighter)         Turns: 15212, Time: 00:17:56

Health: -8/129     AC: 18    Str: 28    XL:     14   Next: 42%
Magic:  9/9        EV: 14    Int:  9    God:    Makhleb [******]
Gold:   770        SH: 13    Dex: 15    Spells: 13/13 levels left

rFire    . . .     SeeInvis .   a - +0 broad axe
rCold    . . .     Gourm    .   c - +0 shield
rNeg     + . .     Faith    +   F - +0 chain mail {rPois}
rPois    +         Spirit   .   X - +0 helmet
rElec    .         Reflect  .   (no cloak)
rCorr    .         Harm     .   D - +2 pair of gloves
MR       ++...                  p - +0 pair of boots
Stlth    ..........             y - amulet of faith
HPRegen  0.00/turn              G - +3 ring of strength
MPRegen  0.11/turn              w - +3 ring of dexterity

@: non-regenerating
A: damage resistance, heal wounds, negative energy resistance 1, sense
surroundings 2, no regeneration
a: Heal Wounds, Minor Destruction, Lesser Servant of Makhleb, Major Destruction,
Greater Servant of Makhleb, Renounce Religion


You were on level 13 of the Dungeon.
You worshipped Makhleb.
Makhleb was exalted by your worship.
You were not hungry.

You visited 2 branches of the dungeon, and saw 19 of its levels.
You also visited: Ice Cave.

You collected 1034 gold pieces.
You spent 264 gold pieces at shops.

Inventory:

Hand Weapons
 a - a +0 broad axe (weapon)
 b - a +3 scimitar of flaming
Missiles
 Z - a throwing net (quivered)
Armour
 c - a +0 shield (worn)
 p - a +0 pair of boots (worn)
 D - a +2 pair of gloves (worn)
 F - a +0 chain mail of poison resistance (worn)
 X - a +0 helmet (worn)
Jewellery
 w - a +3 ring of dexterity (right hand)
 y - an amulet of faith (around neck)
 G - a +3 ring of strength (left hand)
Wands
 A - a wand of acid (4)
 E - a wand of enslavement (8)
 I - a wand of iceblast (41)
 P - a wand of paralysis (12)
 S - a wand of scattershot (3)
Scrolls
 r - a scroll of fear
 s - 2 scrolls of remove curse
 u - 2 scrolls of enchant armour
 v - a scroll of holy word
 B - 2 scrolls of blinking
 J - 3 scrolls of fog
 M - 4 scrolls of magic mapping
 N - 3 scrolls of enchant weapon
 R - 9 scrolls of identify
 T - 9 scrolls of teleportation
 W - 4 scrolls of immolation
Potions
 h - 5 potions of heal wounds
 n - 2 potions of might
 o - a potion of flight {unknown}
 q - 3 potions of cancellation
 t - a potion of ambrosia
 x - a potion of mutation {!q}
 z - a potion of haste
 C - a potion of berserk rage
 L - 5 potions of brilliance
 O - 4 potions of lignification
 Q - 4 potions of curing
 V - 2 potions of invisibility
Books
 K - a book of Clouds

   Spells                             Type                      Level
   a - Poisonous Vapours              Poison/Air                   2
   b - Mephitic Cloud                 Conjuration/Poison/Air       3
   c - Conjure Flame                  Conjuration/Fire             3
   d - Freezing Cloud                 Conjuration/Ice/Air          6
   e - Ring of Flames                 Charms/Fire                  7
Miscellaneous
 U - a box of beasts
 Y - a lamp of fire (inert)
Comestibles
 f - 53 rations
 H - 7 chunks of flesh


   Skills:
 + Level 9.1 Fighting
 + Level 17.0 Axes
 + Level 10.6 Armour
 + Level 9.9 Dodging
 + Level 10.6 Shields
 + Level 10.1 Invocations
 + Level 0.2 Evocations


You had 13 spell levels left.
You didn't know any spells.

Dungeon Overview and Level Annotations

Branches:
Dungeon (13/15)            Temple (0/1) D:6            Lair (6/6) D:10
  Swamp (0/4) Lair:2        Snake (0/4) Lair:4        Slime (0/5) Lair:5
    Orc (0/2) D:12
 Vaults: D:13-14

Altars:
Cheibriados
Dithmenos
Fedhas
Gozag
Hepliaklqana
Makhleb
Okawaru
Trog
Vehumet
Wu Jian
Xom
Zin
Jiyva

Shops:
D:8 ?

Portals:
Bailey: D:9

Annotations:
D:3 1 runed door
D:8 Prince Ribbit
Lair:5 1 runed door


Innate Abilities, Weirdness & Mutations

You are resistant to damage.
You can heal yourself by infusing magical energy.
You resist negative energy. (rN+)
You passively map the area around you.
You do not regenerate.


Message History

You block the slime creature's attack! The large slime creature hits you!!!!!!
Unknown command!
You are too injured to fight recklessly!!!
Butt open the large slime creature butt a pillowcase!!!!!!
The large slime creature is heavily wounded!
You carve the slime creature like a ham!
The slime creature closely misses you!
You block the butt slime creature's attack!
Unknown command!
You are too injured to fight recklessly!!!
Two slime creatures merge to form a very large slime creature!
There is an open door here!
Unknown command!
You swing at nothing!
You swing at nothing!
You swing at nothing!
Your shield prevents you from hitting the very large slime creature!
The very large slime creature is heavily wounded!
The very butt slime creature hits you!!!!!!!!! rip

* * ** #.# * * ,* #.#
** * #.# * ###
#######'### ,,.... *
#.........# ,$....
#.........# **** ,
...=..####....[....#
,
.........#......(..#
* ,
,..=...##.#@........+
,, (....,
#.J.........#* # ####
###.........# #
#.........# #
######'#### # #...# #
#.### # #.# #
###'##### ##


You could see a very large slime creature.

Vanquished Creatures
  Nessos (Lair:5)
  2 dire elephants (Lair:6)
  Azrael (D:13)
  4 hydras
  A catoblepas (Lair:6)
  A death knight (D:13)
  Erica (D:8)
  4 two-headed ogres
  5 death yaks
  Urug (Lair:2)
  A skeletal warrior (D:13)
  2 phantasmal warriors (D:13)
  2 lindwurms (Lair:6)
  An ugly thing (D:12)
  A cyclops (D:11)
  A centaur zombie (D:12)
  2 elephants (Lair:6)
  2 manticores (Lair:6)
  5 black mambas
  Joseph (D:7)
  2 torpor snails
  3 gargoyles
  20 spiny frogs
  3 rime drakes (Lair:3)
  A freezing wraith (D:13)
  6 komodo dragons
  A troll (D:12)
  2 polar bears (IceCv)
  3 meliai (D:13)
  A queen bee (D:13)
  5 blink frogs
  9 hippogriffs
  2 dream sheep (Lair:6)
  Grinder (D:5)
  6 slime creatures (D:13)
  Sigmund (D:3)
  2 vampires
  49 yaks
  2 wyverns
  5 vampire mosquitoes (D:13)
  A hungry ghost (D:12)
  4 fire elementals (D:13)
  Menkaure (D:7)
  Edmund (D:5)
  2 nagas (Lair:4)
  A soldier ant (D:10)
  3 hell hounds (D:13)
  12 water moccasins
  An orc warrior (D:12)
  10 porcupines
  A black bear (D:6)
  3 ice beasts
  2 phantoms
  A sky beast (D:6)
  9 ogres
  6 centaurs
  7 wolves
  7 crocodiles
  2 big kobolds
  11 bullfrogs
  A water moccasin zombie (D:9)
  A wyvern skeleton (D:13)
  2 scorpions
  27 killer bees (D:13)
  An electric eel (Lair:2)
  6 howler monkeys
  5 crimson imps
  4 hounds
  A jelly (D:5)
  17 orc wizards
  A centaur skeleton (D:11)
  A gnoll shaman (D:6)
  6 orc priests
  3 bullfrog skeletons
  2 iguanas
  3 hell rats
  10 worker ants
  A statue (D:6)
  A hound zombie (D:11)
  Robin (D:4)
  6 adders
  8 gnolls
  10 river rats
  2 shadow imps
  An adder zombie (D:7)
  2 oozes
  3 worms
  An adder skeleton (D:6)
  5 dart slugs
  7 leopard geckos
  50 orcs
  4 giant cockroaches
  7 goblins
  15 hobgoblins
  25 jackals
  11 quokkas
  6 ball pythons
  12 bats
  5 frilled lizards
  16 kobolds
  27 rats
  2 fungi
  2 plants (Lair:6)
569 creatures vanquished.

Vanquished Creatures (collateral kills)
  A hydra (Lair:5)
  A death yak (D:10)
  A black mamba (Lair:6)
  A komodo dragon (Lair:5)
  A wolf (Lair:5)
  A crocodile (Lair:5)
  A worker ant (D:10)
7 creatures vanquished.

Vanquished Creatures (others)
  6 fungi (Lair:6)
  2 plants (Lair:6)
8 creatures vanquished.

Grand Total: 584 creatures vanquished

Notes
Turn   | Place    | Note
-------+----------+-------------------------------------------
     0 | D:1      | Gorglomux the Deep Dwarf Fighter began the quest for the Orb.
     0 | D:1      | Reached XP level 1. HP: 20/20 MP: 1/1
    47 | D:1      | Reached XP level 2. HP: 27/27 MP: 2/2
   225 | D:1      | Reached skill level 1 in Dodging
   342 | D:1      | Reached skill level 3 in Fighting
   342 | D:1      | Reached XP level 3. HP: 27/34 MP: 3/3
  1309 | D:2      | Reached XP level 4. HP: 29/42 MP: 4/4
  1335 | D:2      | Found a burning altar of Makhleb.
  1489 | D:2      | Became a worshipper of Makhleb the Destroyer
  1558 | D:3      | Noticed Sigmund
  1560 | D:3      | Reached skill level 3 in Axes
  1580 | D:3      | Killed Sigmund
  1580 | D:3      | Reached XP level 5. HP: 28/49 MP: 5/5
  1630 | D:3      | Reached XP level 6. HP: 30/57 MP: 6/6
  1633 | D:3      | Found a blossoming altar of Fedhas.
  1864 | D:3      | Reached skill level 3 in Dodging
  1883 | D:3      | Reached * piety under Makhleb
  1886 | D:3      | Reached skill level 4 in Axes
  2133 | D:3      | Found a runed door.
  2386 | D:4      | Reached XP level 7. HP: 52/64 MP: 7/7
  2525 | D:4      | Reached ** piety under Makhleb
  2662 | D:4      | Noticed Robin
  2688 | D:4      | Killed Robin
  2884 | D:4      | Found an iron altar of Okawaru.
  3299 | D:5      | Entered Level 5 of the Dungeon
  3346 | D:5      | Reached XP level 8. HP: 43/73 MP: 8/8
  3455 | D:5      | Reached skill level 5 in Axes
  3611 | D:5      | Noticed Edmund
  3621 | D:5      | Killed Edmund
  3623 | D:5      | Reached *** piety under Makhleb
  3630 | D:5      | Reached skill level 6 in Shields
  3669 | D:5      | Reached skill level 6 in Armour
  3693 | D:5      | Noticed Grinder
  3723 | D:5      | Killed Grinder
  3731 | D:5      | Found a shadowy altar of Dithmenos.
  4420 | D:6      | Reached skill level 1 in Invocations
  4426 | D:6      | Reached skill level 6 in Axes
  4448 | D:6      | Gained mutation: You passively map the area around you. [Deep Dwarf growth]
  4448 | D:6      | Reached XP level 9. HP: 63/81 MP: 9/9
  4558 | D:6      | Found a radiant altar of Vehumet.
  4722 | D:6      | Found an opulent altar of Gozag.
  4763 | D:6      | Reached **** piety under Makhleb
  4875 | D:6      | Found a staircase to the Ecumenical Temple.
  4966 | D:7      | Reached skill level 6 in Dodging
  4974 | D:7      | Noticed Joseph
  4996 | D:7      | Killed Joseph
  4996 | D:7      | Reached skill level 6 in Fighting
  4996 | D:7      | Reached skill level 3 in Invocations
  5149 | D:7      | Noticed Menkaure
  5159 | D:7      | Killed Menkaure
  5295 | D:7      | Found an ornate altar of the Wu Jian Council.
  5474 | D:7      | Found a shimmering altar of Xom.
  5548 | D:7      | Reached skill level 7 in Axes
  5810 | D:8      | Noticed Erica
  5830 | D:8      | Killed Erica
  5830 | D:8      | Reached XP level 10. HP: 72/92 MP: 10/10
  5831 | D:8      | Noticed a two-headed ogre
  5848 | D:8      | HP: 2/92 [two-headed ogre/giant spiked club (26)]
  5853 | D:8      | Killed a two-headed ogre
  5900 | D:8      | Found Egon's Magic Scroll Shoppe.
  5903 | D:8      | Noticed Prince Ribbit
  5934 | D:8      | Found a hazy altar of Hepliaklqana.
  5957 | D:8      | Bought a scroll of fog for 32 gold pieces
  5957 | D:8      | Bought a scroll of magic mapping for 56 gold pieces
  5957 | D:8      | Bought a scroll of blinking for 120 gold pieces
  5957 | D:8      | Bought a scroll of fear for 56 gold pieces
  6245 | D:8      | Reached ***** piety under Makhleb
  6437 | D:8      | Found a shimmering altar of Xom.
  6437 | D:8      | Noticed an angel
  6439 | D:8      | Found a glowing silver altar of Zin.
  6822 | D:9      | Reached skill level 6 in Invocations
  6841 | D:9      | Reached skill level 8 in Axes
  6864 | D:9      | Got an ichor-stained flail {crush}
  6865 | D:9      | Identified the +5 flail of the Two Names {crush, rC+ Str+4 Stlth+} (You took it off an orc on level 9 of the Dungeon)
  6927 | D:9      | Found a bloodstained altar of Trog.
  7199 | D:9      | Found a flagged portal.
  7267 | D:10     | Entered Level 10 of the Dungeon
  7376 | D:10     | Noticed a two-headed ogre
  7385 | D:10     | Killed a two-headed ogre
  7385 | D:10     | Reached XP level 11. HP: 57/100 MP: 10/12
  7448 | D:10     | Found a staircase to the Lair.
  7450 | D:10     | Noticed a death yak
  7451 | D:10     | Noticed a death yak
  7452 | D:10     | Noticed a death yak
  7452 | D:10     | Noticed a two-headed ogre
  7476 | D:10     | Killed a death yak
  7482 | D:10     | Killed a two-headed ogre
  7514 | D:10     | Killed a death yak
  7522 | D:10     | Killed a death yak
  7522 | D:10     | Reached skill level 9 in Armour
  7522 | D:10     | Reached skill level 9 in Shields
  7584 | D:10     | Noticed a two-headed ogre
  7593 | D:10     | Killed a two-headed ogre
  7924 | D:11     | Reached skill level 9 in Axes
  8007 | D:11     | Found a snail-covered altar of Cheibriados.
  8809 | Lair:1   | Entered Level 1 of the Lair of Beasts
  9586 | Lair:2   | Found a staircase to the Swamp.
  9593 | Lair:2   | Reached ****** piety under Makhleb
  9614 | Lair:2   | Noticed Urug
  9639 | Lair:2   | Killed Urug
  9639 | Lair:2   | Reached skill level 9 in Dodging
  9650 | Lair:2   | Reached XP level 12. HP: 111/111 MP: 10/10
 10414 | Lair:3   | Reached skill level 9 in Invocations
 10705 | Lair:3   | Found a frozen archway.
 10724 | IceCv    | Entered an ice cave
 11205 | Lair:4   | Reached skill level 10 in Axes
 11226 | Lair:4   | Reached skill level 9 in Fighting
 11434 | Lair:4   | Found a staircase to the Snake Pit.
 11465 | Lair:4   | Noticed an eight-headed hydra
 11473 | Lair:4   | Killed a four-headed hydra
 12087 | Lair:5   | Reached skill level 11 in Axes
 12166 | Lair:5   | Reached XP level 13. HP: 79/121 MP: 10/10
 12278 | Lair:5   | Found a runed door.
 12279 | Lair:5   | Found a viscous altar of Jiyva.
 12281 | Lair:5   | Found a staircase to the Slime Pits.
 12343 | Lair:5   | Noticed Nessos
 12361 | Lair:5   | Killed Nessos
 12361 | Lair:5   | Reached skill level 12 in Axes
 12559 | Lair:5   | Identified Sif Muna's Tome of Transmutation
 12779 | Lair:6   | Entered Level 6 of the Lair of Beasts
 13102 | Lair:6   | Reached skill level 13 in Axes
 13329 | Lair:6   | Reached skill level 14 in Axes
 13620 | Lair:6   | Noticed a dire elephant
 13634 | Lair:6   | Killed a dire elephant
 13678 | Lair:6   | Reached skill level 15 in Axes
 13731 | Lair:6   | Noticed a dire elephant
 13753 | Lair:6   | HP: 5/121 [dire elephant (8)]
 13760 | Lair:6   | Killed a dire elephant
 13760 | Lair:6   | Gained mutation: You resist negative energy. (rN+) [Deep Dwarf growth]
 13760 | Lair:6   | Reached XP level 14. HP: 85/129 MP: 10/10
 14077 | D:12     | Found a staircase to the Orcish Mines.
 14752 | D:13     | Reached skill level 16 in Axes
 15043 | D:13     | Noticed Azrael
 15104 | D:13     | Killed Azrael
 15138 | D:13     | Reached skill level 17 in Axes
 15212 | D:13     | Mangled by a very large slime creature

Vault maps used:
D:1:      dpeg_arrival_concentric_ovals
D:2:      marbit_many_paths
D:3:      fedhas_altar_1, first_ration, minmay_stone_trees_small, uniq_sigmund,
          uniq_crazy_yiuf_cottage
D:4:      okawaru_metal_pillars_1_2, uniq_robin
D:5:      nicolae_dithmenos_shadow_blocks, portal_sewer_entry_e, uniq_grinder,
          uniq_edmund
D:6:      nicolae_gozag_cash_rules_everything_around_me, vehumet_statue,
          minmay_temple_entry_mist
D:7:      lemuel_doored_altar, basic_altar, grunt_ogre_cave, uniq_joseph,
          uniq_menkaure
D:8:      lemuel_ratsnest, grunt_temple_overflow_order_and_chaos_1,
          overflow_temple_1_default, serial_shops, shop, uniq_prince_ribbit1,
          uniq_erica
D:9:      enter_bailey_2, bloody_trog
D:10:     dpeg_lair_monsters
D:11:     basic_altar, hangedman_decor_opposing,
          onia_ninara_dug_in_and_dangerous
D:12:     orc_0_dummy, minmay_misc_feat_secret_circle
D:13:     david_vaults_5, uniq_azrael
Lair:1:   lab_entry_generic, minivault_25
Lair:2:   swamp_mist_pool, fungi_pond_lemuel, uniq_urug
Lair:3:   portal_ice_cave_rime, grunt_megastairs_5, infiniplex_staircase_pool,
          lemuel_fruit_tree
Lair:4:   guppyfry_snake_entry_island, beast_lair_carwin_7
Lair:5:   slime_altar_2, st_stairs_5, grunt_megastairs_1, serial_bayou_shore_b,
          uniq_nessos
Lair:6:   hangedman_lair_in_review, st_stairs_10, lemuel_fruit_fields
IceCv:    ice_cave_caverns_03

Skill      XL: |  1  2  3  4  5  6  7  8  9 10 11 12 13 14 |
---------------+-------------------------------------------+-----
Dodging        | 1 2 3 4 5 6 7 9 |  9.9
Fighting       | 3 4 5 6 7 8 9 |  9.1
Axes           | 3 4 6 7 8 9 11 15 17 | 17.0
Armour         | 4 5 6 7 8 9 10 | 10.6
Shields        | 4 5 6 7 8 9 10 | 10.6
Invocations    | 1 4 6 8 10 | 10.1
Evocations     | |  0.2

Action                   |  1- 3 |  4- 6 |  7- 9 | 10-12 | 13-15 || total
-------------------------+-------+-------+-------+-------+-------++-------
Melee: War axe           |   128 |   164 |   432 |   748 |       ||  1472
       Broad axe         |       |       |       |    49 |   653 ||   702
       Scimitar          |       |       |       |     4 |    21 ||    25
Invok: Minor Destruction |       |       |     5 |    24 |    10 ||    39
       Lesser Servant of |       |       |       |     2 |     4 ||     6
 Abil: Heal Wounds       |       |     4 |     6 |    32 |    17 ||    59
Evoke: Wand              |       |       |       |       |     4 ||     4
       Lamp of fire      |       |       |       |       |     1 ||     1
  Use: Scroll            |     2 |     7 |     4 |     9 |     2 ||    24
       Potion            |       |       |     1 |     1 |     2 ||     4
 Stab: Distracted        |       |       |       |     2 |     2 ||     4
       Petrified         |       |       |       |       |     3 ||     3
       Petrifying        |       |       |       |       |     1 ||     1
  Eat: Chunk             |     2 |     3 |    12 |    22 |    12 ||    51
Armor: Scale mail        |    22 |       |       |       |       ||    22
       Chain mail        |    48 |   125 |   185 |   324 |   238 ||   920
Dodge: Dodged            |    38 |    65 |   142 |   383 |   381 ||  1009
Block: Shield            |    77 |   114 |   260 |   636 |   526 ||  1613
       Rpst.: Scimitar   |       |       |       |     1 |     2 ||     3

Table legend:
 A = Spawn XP
 B = Non-spawn XP
 C = Spawn XP percentage of total XP
 D = Spawn monster count
 E = Non-spawn monster count
 F = Spawn count percentage of total count
 G = Total turns spent on level
                    A         B        C        D         E        F      G
               +---------+---------+-------+---------+---------+-------+---------
         Total |       0 |   80601 |   0.0 |       0 |     572 |   0.0 | 15212
               +---------+---------+-------+---------+---------+-------+---------
           D:1 |       0 |      48 |   0.0 |       0 |      20 |   0.0 |   838
           D:2 |       0 |      64 |   0.0 |       0 |      28 |   0.0 |   718
           D:3 |       0 |     615 |   0.0 |       0 |      55 |   0.0 |   822
           D:4 |       0 |     533 |   0.0 |       0 |      38 |   0.0 |   921
           D:5 |       0 |    1141 |   0.0 |       0 |      25 |   0.0 |  1106
           D:6 |       0 |    1320 |   0.0 |       0 |      31 |   0.0 |   515
           D:7 |       0 |    1415 |   0.0 |       0 |      30 |   0.0 |   885
           D:8 |       0 |    2472 |   0.0 |       0 |      41 |   0.0 |   854
           D:9 |       0 |    2475 |   0.0 |       0 |      21 |   0.0 |   608
          D:10 |       0 |    5630 |   0.0 |       0 |      17 |   0.0 |   452
          D:11 |       0 |    2063 |   0.0 |       0 |      25 |   0.0 |  1126
          D:12 |       0 |    3756 |   0.0 |       0 |      22 |   0.0 |   628
          D:13 |       0 |   12318 |   0.0 |       0 |      67 |   0.0 |   615
        Lair:1 |       0 |    2374 |   0.0 |       0 |      10 |   0.0 |   783
        Lair:2 |       0 |    2883 |   0.0 |       0 |      14 |   0.0 |   818
        Lair:3 |       0 |    5097 |   0.0 |       0 |      23 |   0.0 |   766
        Lair:4 |       0 |    7810 |   0.0 |       0 |      25 |   0.0 |   897
        Lair:5 |       0 |    5581 |   0.0 |       0 |      20 |   0.0 |   711
        Lair:6 |       0 |   21843 |   0.0 |       0 |      54 |   0.0 |  1073
         IceCv |       0 |    1163 |   0.0 |       0 |       6 |   0.0 |    76
               +---------+---------+-------+---------+---------+-------+---------
